 Dungeon Crawl Stone Soup version 0.30-a0-465-g8901f6c8b5 (webtiles) character file.

Game seed: 2807539908097830567

5097 Mitcholas the Cleaver (level 10, -3/90 HPs)
             Began as a Hill Orc Monk on Dec 17, 2022.
             Was an Elder of Beogh.
             Slain by Snorg (5 damage)
             ... on level 10 of the Dungeon.
             The game lasted 00:23:20 (9940 turns).

Mitcholas the Cleaver (Hill Orc Monk)               Turns: 9940, Time: 00:23:21

Health: -3/90      AC: 14    Str: 19    XL:     10   Next: 57%
Magic:  14/14      EV:  8    Int: 10    God:    Beogh [****..]
Gold:   423        SH:  5    Dex: 13    Spells: 9/9 levels left

rFire   . . .      SeeInvis .    l - +0 war axe (flame)
rCold   . . .      Faith    .    e - +0 buckler
rNeg    . . .      Spirit   .    B - +0 chain mail
rPois   .          Reflect  .    I - +1 helmet
rElec   .          Harm     .    u - +0 cloak
rCorr   .          Rampage  .    (no gloves)
Will    +....                    (no boots)
Stlth   ..........               K - amulet of magic regeneration
HPRegen 0.35/turn                g - ring of willpower
MPRegen 0.54/turn                p - ring of flight

@: flying
A: no striking features
a: Renounce Religion, Smiting, Recall Orcish Followers


You were on level 10 of the Dungeon.
You worshipped Beogh.
Beogh was greatly pleased with you.
You visited 2 branches of the dungeon, and saw 11 of its levels.

You collected 423 gold pieces.

Inventory:

Hand Weapons
 l - a +0 war axe of flaming (weapon)
Missiles
 b - 13 poisoned darts (quivered)
 t - a curare-tipped dart
Armour
 e - a +0 buckler (worn)
 u - a +0 cloak (worn)
 B - a +0 chain mail (worn)
 I - a +1 helmet (worn)
Jewellery
 g - a ring of willpower (left hand)
 p - a ring of flight (right hand)
 K - an amulet of magic regeneration (around neck)
Wands
 a - a wand of mindburst (2)
 G - a wand of paralysis (5)
 H - a wand of flame (39)
 J - a wand of roots (2)
Scrolls
 d - 10 scrolls of identify {unknown}
 f - 3 scrolls of blinking {unknown}
 i - a scroll of noise {unknown}
 k - 2 scrolls of magic mapping {unknown}
 m - 2 scrolls of fear {unknown}
 o - 3 scrolls of enchant armour {unknown}
 q - a scroll of vulnerability {unknown}
 r - 3 scrolls of immolation {unknown}
 s - a scroll of poison {unknown}
 v - 8 scrolls of teleportation {unknown}
 y - 2 scrolls of silence {unknown}
 A - 2 scrolls of torment {unknown}
 E - 2 scrolls of enchant weapon {unknown}
 F - a scroll of fog {unknown}
Potions
 c - a potion of ambrosia
 h - a potion of might {unknown}
 j - 2 potions of resistance {unknown}
 n - 3 potions of berserk rage {unknown}
 w - 6 potions of curing
 x - a potion of mutation {unknown}
 z - 2 potions of degeneration {unknown}
 C - 2 potions of lignification {unknown}
 D - 2 potions of heal wounds {unknown}


   Skills:
 + Level 8.6 Fighting
 * Level 12.6 Axes
 + Level 6.9 Armour
 - Level 2.4 Dodging
 - Level 1.5 Stealth
 + Level 4.0 Shields
 * Level 6.0 Invocations
 + Level 5.0 Evocations


You had 9 spell levels left.
You didn't know any spells.
Your spell library contained the following spells:

 Spells                   Type           Power      Damage    Failure   Level
 Necrotise                Necr           0%         1d4       99%         1
 Slow                     Hex            0%         N/A       99%         1
 Blink                    Tloc           0%         N/A       100%        2
 Cigotuvi's Dreadful Rot  Necr/Pois/Air  0%         N/A       100%        2
 Momentum Strike          Conj/Tloc      0%         3d8       100%        2
 Confusing Touch          Hex            0%         N/A       100%        3
 Dazzling Flash           Conj/Hex       0%         N/A       100%        3
 Gell's Gravitas          Tloc           0%         N/A       100%        3
 Ignite Poison            Fire/Tmut/Pois 0%         N/A       100%        3
 Kindle Blastsparks       Fire/Tloc/Air  0%         2d10      100%        3
 Lesser Beckoning         Tloc           0%         N/A       100%        3
 Summon Guardian Golem    Hex/Summ       0%         N/A       100%        3
 Teleport Other           Tloc           0%         N/A       100%        3
 Vampiric Draining        Necr           0%         2d6       100%        3
 Dispel Undead            Necr           0%         3d6       100%        4
 Agony                    Necr           0%         N/A       100%        5
 Freezing Cloud           Conj/Ice/Air   0%         6-21      100%        5
 Iskenderun's Battlesphe  Conj           0%         2d6       100%        5
 Silence                  Hex/Air        0%         N/A       100%        5
 Death Channel            Necr           0%         N/A       100%        6
 Dispersal                Tloc           0%         N/A       100%        6
 Iron Shot                Conj/Erth      0%         9d1       100%        6
 Orb of Destruction       Conj           0%         9d5       100%        7
 Spellforged Servitor     Conj/Summ      0%         N/A       100%        7


Dungeon Overview and Level Annotations

Branches:
Dungeon (10/15)            Temple (1/1) D:4            Lair (0/5) D:10
    Orc: D:9-12

Altars:
Ashenzari
Elyvilon
Fedhas
Gozag
Hepliaklqana
Kikubaaqudgha
Makhleb
Nemelex Xobeh
Okawaru
Qazlal
Ru
Sif Muna
Trog
Uskayaw
Vehumet
Wu Jian
Xom
Yredelemnul
Zin
The Shining One

Annotations:
D:10 Snorg


Message History

The orc priest dies!
Beogh accepts your kill.
Beogh appreciates your killing of a heretic priest.
Your orc warrior hits Snorg with a +0 whip!
Snorg bites your orc warrior! Snorg barely misses your orc warrior.
Snorg claws your orc warrior.
Aiming: Smiting
Press: ? - help, Dir - move target, f - Snorg Smite: Snorg (lightly wounded, ally target)
You smite Snorg!!
Snorg is moderately wounded.
Your orc warrior hits Snorg with a +0 whip!
Snorg bites your orc warrior! Snorg claws your orc warrior.
Your orc warrior dies!
Your orc priest hits Snorg with a +0 mace.
Unknown command.
Found 5 poisoned darts.
Your orc priest looks braver for a moment.
You block Snorg's attack. Snorg claws you but does no damage. x2
Items here: )) [ ††.
You hit Snorg. You burn Snorg.
Snorg is heavily wounded.
Snorg bites you! Snorg claws you! Snorg barely misses you.
Unknown command.
You slash Snorg! You burn Snorg.
Snorg is severely wounded.
Borgoth barely misses Snorg.
Snorg goes berserk!
Unknown command.
You barely miss Snorg.
Snorg is severely wounded.
Snorg closely misses you.
Snorg claws you. x2; Borgoth closely misses Snorg.
Unknown command.
You slash Snorg! You burn Snorg.
Snorg is almost dead.
Snorg bites you!
* * * LOW HITPOINT WARNING * * *
Snorg claws you!
* * * LOW HITPOINT WARNING * * *
Snorg claws you.
You die...

..................
##############... #..#
#..# ## #..# .(#
##############..# ....
................## .....
......)).......oo#......
...............o@T.)....
..#############o#o......
..# #......>.. ..#
###....... ..# .......
..# #....P. ..# ......
..# #..... ..#


You could see Snorg (berserk, ally target), the friendly Borgoth the orc
warrior, 2 friendly orc priests, a friendly orc wizard (invisible) and a
friendly orc.

Vanquished Creatures
  A two-headed ogre (D:9)
  4 yaks (D:4)
  A wyvern (D:8)
  A steam dragon (D:8)
  2 wargs (D:10)
  2 black bears (D:6)
  3 ogres
  A phantom (D:5)
  A kobold brigand (D:8)
  4 bullfrogs
  2 necrophages (D:7)
  3 gnoll sergeants
  3 scorpions
  6 wights
  6 killer bees
  A howler monkey (D:8)
  6 hounds
  6 jellies
  2 orc priests
  3 iguanas
  6 orc wizards
  14 gnolls
  11 adders
  A white imp (D:6)
  4 ufetubi
  2 worms
  2 dart slugs
  18 orcs
  11 ball pythons
  13 endoplasms
  5 giant cockroaches
  12 goblins
  6 hobgoblins
  4 jackals
  2 quokkas
  2 bats
  3 frilled lizards
  19 kobolds
  2 rats
  A spectral goblin (D:6)
196 creatures vanquished.

Vanquished Creatures (collateral kills)
  2 hornets
  A wyvern (D:8)
  A wraith (D:10)
  A warg (D:10)
  3 killer bees
  2 orc priests
  5 orc wizards
  3 orcs
18 creatures vanquished.

Vanquished Creatures (others)
  An orc warrior (D:10)
  2 killer bees (D:8)
  3 orc priests
  4 orcs
  3 fungi (D:3)
  5 toadstools (D:3)
18 creatures vanquished.

Grand Total: 232 creatures vanquished

Notes
Turn   | Place    | Note
-------+----------+-------------------------------------------
     0 | D:1      | Mitcholas the Hill Orc Monk began the quest for the Orb.
     0 | D:1      | Reached XP level 1. HP: 19/19 MP: 1/1
   201 | D:1      | Reached XP level 2. HP: 27/27 MP: 2/2
   479 | D:1      | Reached skill level 1 in Armour
   984 | D:2      | Reached XP level 3. HP: 30/33 MP: 3/3
  1111 | D:2      | Reached skill level 5 in Axes
  1721 | D:2      | Found a faded altar of an unknown god.
  2093 | D:3      | Reached XP level 4. HP: 40/40 MP: 4/4
  2648 | D:3      | Reached skill level 6 in Axes
  2648 | D:3      | Reached XP level 5. HP: 41/47 MP: 5/5
  3059 | D:4      | Found an iron altar of Okawaru.
  3085 | D:4      | Reached XP level 6. HP: 55/55 MP: 6/6
  3131 | D:4      | Reached skill level 5 in Fighting
  3160 | D:4      | Noticed a yak
  3163 | D:4      | Killed a yak
  3163 | D:4      | Noticed a yak
  3164 | D:4      | Reached skill level 7 in Axes
  3166 | D:4      | Noticed a yak
  3166 | D:4      | Noticed a yak
  3169 | D:4      | Killed a yak
  3170 | D:4      | Reached skill level 8 in Axes
  3170 | D:4      | Reached XP level 7. HP: 62/62 MP: 7/7
  3174 | D:4      | Killed a yak
  3175 | D:4      | Reached skill level 1 in Evocations
  3180 | D:4      | Killed a yak
  3267 | D:4      | Became a worshipper of Beogh the Brigand
  3267 | D:4      | Reached * piety under Beogh
  3267 | D:4      | Reached ** piety under Beogh
  3332 | D:4      | Reached XP level 8. HP: 67/70 MP: 8/8
  3619 | D:4      | Reached skill level 9 in Axes
  3660 | D:4      | Found a staircase to the Ecumenical Temple.
  4042 | Temple   | Entered the Ecumenical Temple
  4282 | D:5      | Entered Level 5 of the Dungeon
  4477 | D:5      | Reached skill level 5 in Armour
  5202 | D:5      | Reached skill level 10 in Axes
  5534 | D:6      | Reached skill level 1 in Shields
  5534 | D:6      | Reached XP level 9. HP: 72/79 MP: 9/9
  5752 | D:6      | Reached *** piety under Beogh
  5769 | D:6      | Reached skill level 11 in Axes
  5969 | D:6      | Found a hazy altar of Hepliaklqana.
  6842 | D:7      | Reached skill level 1 in Invocations
  7024 | D:7      | Gained Bladwarg as an ally
  7508 | D:8      | Identified the +4 scale mail of the Gusle {rElec rC- rN+
                  | Stlth+}
  8146 | D:8      | Noticed a hornet
  8151 | D:8      | Killed a hornet
  8305 | D:8      | Reached XP level 10. HP: 57/88 MP: 11/13
  8714 | D:9      | Reached skill level 12 in Axes
  8760 | D:9      | Noticed a two-headed ogre
  8769 | D:9      | Killed a two-headed ogre
  8770 | D:9      | Reached skill level 5 in Invocations
  8953 | D:9      | Gained Borgoth as an ally
  9160 | D:9      | Reached **** piety under Beogh
  9825 | D:10     | Entered Level 10 of the Dungeon
  9921 | D:10     | Found a staircase to the Lair.
  9921 | D:10     | Noticed Snorg
  9930 | D:10     | Reached skill level 5 in Evocations
  9940 | D:10     | HP: 2/90 [Snorg (13)]
  9940 | D:10     | Slain by Snorg

Illustrated notes

Levels and vault maps discovered:
D:1:      evilmike_arrival_hilbert_curve, layout_basic
D:2:      layout_loops_corners, hellmonk_ecumenical_altar_arch_garden,
          minmay_misc_feat_x
D:3:      cheibrodos_fertilizer, layout_basic, serial_bayou_pond_e
D:4:      cheibrodos_barr_body, layout_basic, okawaru_gym_becter,
          minmay_temple_entry_nine_rooms
D:5:      layout_basic, corexii_checkpoint_a,
          nicolae_concentric_dashed_squares_mild
D:6:      layout_basic, nicolae_hepliaklqana_monster_ancestors, serial_glass,
          glass_columns_b, glass_columns_a, due_unseen_surprise,
          item_on_display_a
D:7:      layout_basic, nrook_pool_corridor
D:8:      layout_cave_pods
D:9:      layout_cave_pods
D:10:     layout_long_grid, jmf_multi_god_temple, erik_lair_orcish_takeover,
          uniq_snorg
Temple:   hc_temple_tempest_star

Skill      XL: |  1  2  3  4  5  6  7  8  9 10 |
---------------+-------------------------------+-----
Armour         | 1 2 3 4 5 6 |  6.9
Fighting       | 4 5 6 7 8 |  8.6
Axes           | 5 6 8 10 11 12 | 12.6
Evocations     | 1 3 4 5 |  5.0
Shields        | 1 3 4 |  4.0
Invocations    | 4 6 |  6.0
Dodging        | |  2.4
Stealth        | |  1.5

Action                   |  1- 3 |  4- 6 |  7- 9 | 10-12 || total
-------------------------+-------+-------+-------+-------++-------
Melee: Hand axe          |   150 |    61 |       |       ||   211
       War axe           |       |    60 |   337 |    70 ||   467
       Punch             |       |       |     2 |       ||     2
Invok: Convert to Beogh  |       |       |     1 |       ||     1
       Smiting           |       |       |       |     1 ||     1
Evoke: Wand              |       |     9 |     8 |     1 ||    18
 Stab: Sleeping          |     3 |     1 |       |       ||     4
       Paralysed         |       |       |       |     4 ||     4
       Distracted        |       |       |       |     2 ||     2
Armor: Robe              |     4 |       |       |       ||     4
       Ring mail         |    35 |    31 |    59 |       ||   125
       Chain mail        |       |       |    93 |    31 ||   124
Dodge: Dodged            |    94 |    55 |   156 |    25 ||   330
Block: Buckler           |       |       |    24 |    20 ||    44

Table legend: (Time is in decaauts)
 A = Elapsed time spent in this place.
 B = Non-inter-level travel time spent in this place.
 C = Inter-level travel time spent in this place.
 D = Time resting spent in this place.
 E = Time spent auto-exploring this place.
 F = Levels seen in this place.
 G = Mean time per level.
                   A        B        C        D        E       F      G
               +--------+--------+--------+--------+--------+-----+--------+
         Total |   9966 |   9425 |    541 |   1957 |   4968 |  11 |  906.0 |
       Dungeon |   9765 |   9237 |    528 |   1957 |   4794 |  10 |  976.5 |
        Temple |    200 |    187 |     13 |      0 |    174 |   1 |  200.0 |
               +--------+--------+--------+--------+--------+-----+--------+

Top non-repeatable levels by time:
     D:8: 1317 daAuts
     D:3: 1184 daAuts
     D:5: 1171 daAuts
     D:9: 1150 daAuts
     D:7: 1098 daAuts
     D:4: 1032 daAuts
     D:2: 1025 daAuts
     D:1: 863 daAuts
     D:6: 841 daAuts
  Temple: 200 daAuts
    D:10: 79 daAuts
